 Dungeon Crawl Stone Soup version 0.20.1-1-g8b1a95d (webtiles) character file.

29 Gargoyl the Caller (level 3, -4/14 HPs)
             Began as a Felid Summoner on July 26, 2017.
             Slain by a worm (11 damage)
             ... on level 2 of the Dungeon.
             The game lasted 00:03:05 (1773 turns).

Gargoyl the Caller (Felid Summoner)                 Turns: 1773, Time: 00:03:05

Health: -4/14      AC:  1    Str: 10    XL:     3   Next: 1%
Magic:  7/7        EV: 18    Int: 16    God:
Gold:   93         SH:  0    Dex: 16    Spells: 5/6 levels left
                                        Lives:  0   Deaths: 0

rFire    . . .     SeeInvis +   (weapon unavailable)
rCold    . . .     Gourm    .   (shield unavailable)
rNeg     . . .     Faith    .   (armour unavailable)
rPois    .         Spirit   .   (helmet unavailable)
rElec    .         Reflect  .   (cloak unavailable)
rCorr    .         Harm     .   (gloves unavailable)
MR       .....                  (boots unavailable)
Stlth    +++.......             f - amulet of rage
Regen    0.1/turn               c - +5 ring of strength
MPRegen  0.1/turn               (no ring)

@: quick
A: no armour, no weapons or thrown items, stealth, claws 1, fangs 3, see
invisible, carnivore 3, speed 1, shaggy fur 1, slow metabolism 1, sharp paws
a: Evoke Berserk Rage


You were on level 2 of the Dungeon.
You were not hungry.

You visited 1 branch of the dungeon, and saw 2 of its levels.

You collected 93 gold pieces.

Inventory:

Jewellery
 c - a +5 ring of strength (left paw)
 f - an amulet of rage (around neck)
 i - a cursed ring of loudness {unknown}
Scrolls
 k - a scroll of immolation {unknown}
 l - a scroll of remove curse
Potions
 d - a potion of degeneration {unknown}
 e - a potion of lignification {unknown}
 h - a potion of cancellation {unknown}
 j - a potion of flight {unknown}
Books
 a - a book of Callings

   Spells                             Type                      Level
   a - Summon Small Mammal            Summoning                    1
   b - Call Imp                       Summoning                    2
   c - Call Canine Familiar           Summoning                    3
   d - Summon Guardian Golem          Hexes/Summoning              3
   e - Summon Lightning Spire         Summoning/Air                4
   f - Summon Ice Beast               Ice/Summoning                4
Comestibles
 b - 2 meat rations
 g - a royal jelly


   Skills:
 + Level 3.1 Dodging
 + Level 3.4 Stealth
 + Level 0.6 Unarmed Combat
 + Level 2.0 Spellcasting
 + Level 4.4 Summonings


You had 5 spell levels left.
You knew the following spells:

 Your Spells              Type           Power        Failure   Level  Hunger
a - Summon Small Mammal   Summ           ###.         3%          1    #......


Dungeon Overview and Level Annotations

Branches:
Dungeon (2/15)

Altars:


Innate Abilities, Weirdness & Mutations

You cannot wear armour.
You are incapable of wielding weapons or throwing items.
Your paws allow you to move quietly. (Stealth)
You have sharp claws.
You have razor-sharp teeth.
You have supernaturally acute eyesight. (SInv)
You are carnivorous and can eat meat at any time.
You cover ground quickly.
You are covered in fur. (AC +1)
You have a slow metabolism.
Your sharp claws are effective at attacking unaware monsters.


Message History

You swap places.
The worm bites you.
You scratch the worm.
The worm is lightly wounded.
You scratch the worm.
The worm is lightly wounded.
Your rat bites the worm but does no damage.
The worm barely misses you.
You scratch the worm but do no damage.
The worm is lightly wounded.
Your rat bites the worm but does no damage.
The worm bites you.
You swap places.
Your rat bites the worm but does no damage.
Your rat bites the worm but does no damage.
Your rat bites the worm but does no damage.
You scratch the worm but do no damage. You bite the worm, but do no damage.
Your rat bites the worm.
The worm bites you!
Ouch! That really hurt!
You die...

#...# #.. ...
###.##### #...# ##
###.# . #.# .# #.#
###.##.# #.#
#r.....#
#.##########w#.####
#..........#@# #
#.###.####.#.# #.#
#...##.#.#
#.###.#.....[#
#.....####.###
####.#####.#
#>......# #########


You could see a worm and a friendly rat.

Vanquished Creatures
  A dart slug (D:2)
  6 bats (D:1)
  8 goblins
  2 hobgoblins
  A kobold (D:2)
  A frilled lizard (D:1)
  3 rats
22 creatures vanquished.

Vanquished Creatures (collateral kills)
  An orc (D:2)
  A goblin (D:1)
  A hobgoblin (D:1)
3 creatures vanquished.

Grand Total: 25 creatures vanquished

Notes
Turn   | Place    | Note
-------+----------+-------------------------------------------
     0 | D:1      | Gargoyl the Felid Summoner began the quest for the Orb.
     0 | D:1      | Reached XP level 1. HP: 7/7 MP: 4/4
   226 | D:1      | Reached XP level 2. HP: 9/11 MP: 6/6
  1686 | D:2      | Reached XP level 3. HP: 13/14 MP: 7/7
  1773 | D:2      | Slain by a worm

Skill      XL: |  1  2 |
---------------+-------+-----
Stealth        | 3 |  3.4
Dodging        | 3 |  3.1
Unarmed Combat | |  0.6
Spellcasting   | |  2.0
Summonings     | |  4.4

Action                   || total
-------------------------++-------
Melee: Unarmed           ||    72
       Bite              ||     4
 Cast: Summon Small Mamm ||    10
 Abil: Evoke Berserk Rag ||     1
  Use: Scroll            ||     1
 Stab: Sleeping          ||     5
  Eat: Chunk             ||     5
Armor: Skin              ||     9
Dodge: Dodged            ||    60
